Cogmind - Beta 15 @@@ ROGUE MODE // 2025.05.31 @ 14:34:29 // Winter2022/Polymind Player: Figgis Result: Self-destructed Performance ------------- Evolutions (3) 1500 Regions Visited (6) 1200 Robots Destroyed (12) 60 Value Destroyed (230) 230 Prototype IDs (7) 140 Alien Tech Used (0) 0 Bonus (2400) 2400 TOTAL SCORE: 5480 Bonus ------- Polymind Skill 2400 Cogmind --------- Core Integrity 682/700 Matter 0/0 Energy 235/235 System Corruption 0% Temperature Cool (0) Movement Hovering (80) Location -7/Factory Parts ------- > --- POWER (1) -------- Heavy Deuterium Engine > --- PROPULSION (1) --- Combat Antigrav System > --- UTILITY (22) ----- Advanced Launcher Guidance Computer Improved Target Analyzer Experimental Core Analyzer Improved Armor Integrity Analyzer EX Chip 1 EX Chip 1 EX Chip 1 EX Chip 1 EX Chip 1 EX Chip 1 EX Chip 1 EX Chip 1 EX Chip 1 EX Chip 1 EX Chip 2 EX Chip 2 EX Chip 2 EX Chip 2 EX Chip 2 EX Chip 2 EX Chip 2 EX Chip 2 > --- WEAPON (2) ------- AWS/EX-DEC > --- INVENTORY (2) ---- Shock Trap Deploy-a-Sentry Peak State ------------ > --- POWER ------------ Heavy Deuterium Engine > --- PROPULSION ------- Combat Antigrav System > --- UTILITY ---------- Advanced Launcher Guidance Computer Improved Target Analyzer Experimental Core Analyzer Improved Armor Integrity Analyzer EX Chip 1 EX Chip 1 EX Chip 1 EX Chip 1 EX Chip 1 EX Chip 1 EX Chip 1 EX Chip 1 EX Chip 1 EX Chip 1 EX Chip 2 EX Chip 2 EX Chip 2 EX Chip 2 EX Chip 2 EX Chip 2 EX Chip 2 EX Chip 2 > --- WEAPON ----------- AWS/EX-DEC > --- INVENTORY -------- Deploy-a-Sentry [Rating: 99] Favorites ----------- Power Heavy Deuterium Engine Engine Heavy Deuterium Engine Propulsion Combat Antigrav System Hover Unit Combat Antigrav System Flight Unit Flight Unit Utility EX Chip 1 Processor Advanced Launcher Guidance Computer Hackware EX Chip 1 Weapon AWS/EX-DEC Energy Gun AWS/EX-DEC Ballistic Gun Light Assault Rifle Build | -11 -10 -10 -10 -9 -8 -7 ------- Run | Yrd Mat Min Exi Min Mat Fac Slots Evolved . | . . . . . . . Power . | . . . . . . . Propulsion . | . . . . . . . Utility . | . . . . . . . Weapon . | . . . . . . . Parts Attached . | . . . . . . . Power . | . . . . . . . Engine . | . . . . . . . Core . | . . . . . . . Reactor . | . . . . . . . Propulsion . | . . . . . . . Treads . | . . . . . . . Leg . | . . . . . . . Wheel . | . . . . . . . Hover . | . . . . . . . Flight . | . . . . . . . Utility . | . . . . . . . Device . | . . . . . . . Storage . | . . . . . . . Processor . | . . . . . . . Hackware . | . . . . . . . Protection . | . . . . . . . Artifact . | . . . . . . . Weapon . | . . . . . . . Energy Gun . | . . . . . . . Energy Cannon . | . . . . . . . Ballistic Gun . | . . . . . . . Ballistic Cannon . | . . . . . . . Launcher . | . . . . . . . Special Weapon . | . . . . . . . Impact Weapon . | . . . . . . . Slashing Weapon . | . . . . . . . Piercing Weapon . | . . . . . . . Special Melee Weapon . | . . . . . . . Unidentified Prototypes . | . . . . . . . Parts Lost . | . . . . . . . Power . | . . . . . . . Propulsion . | . . . . . . . Utility . | . . . . . . . Weapon . | . . . . . . . Highest Loss Streak . | . . . . . . . To Critical Strikes . | . . . . . . . Average Backups . | . . . . . . . Power . | . . . . . . . Propulsion . | . . . . . . . Utility . | . . . . . . . Weapon . | . . . . . . . Tool/Special . | . . . . . . . Unused Backups . | . . . . . . . Power . | . . . . . . . Propulsion . | . . . . . . . Utility . | . . . . . . . Weapon . | . . . . . . . Tool/Special . | . . . . . . . Average Slot Usage (%) 87 | . 75 100 38 96 96 96 Engine 5 | . 18 25 1 3 3 3 Hover 2 | . . . 1 3 3 3 Flight 6 | . 37 50 . . . . Processor 11 | . . . 6 15 15 15 Hackware 53 | . . . 27 69 69 69 Energy Gun 2 | . . . 1 3 3 3 Ballistic Gun 3 | . 18 25 . . . . Peak Build Rating 99 | . 4 4 99 99 99 99 Average Rating 77 | . 3 3 45 99 99 99 On Entrance 43 | . . 4 . 99 99 99 Naked Turns 67 | . 16 1 50 . . . Heaviest Build 21 | . 4 4 21 21 21 21 Greatest Support 21 | 3 8 8 21 21 21 21 Greatest Overweight (x) . | . . . . . . . Average Overweight (x) . | . . . . . . . Largest Inventory Capacity 2 | . . . 2 2 2 2 Average Capacity 1 | . . . . 2 2 2 Most Carried 2 | . . . 1 2 2 2 Average Carried 1 | . . . . 1 2 2 Final Capacity 2 | . . . 2 2 2 2 Final Carried 2 | . . . 1 2 2 2 Class Distribution -------------------- 79% | Assembler 11% | Swarmer 8% | Cogmind Dominant Class ---------------- Swarmer | -10/Materials Swarmer | -10/Mines Cogmind | -10/Exiles Assembler | -9/Mines Assembler | -8/Materials Assembler | -7/Factory Resources | -11 -10 -10 -10 -9 -8 -7 ----------- Run | Yrd Mat Min Exi Min Mat Fac Matter Collected 4 | . 4 . . . . . Remotely . | . . . . . . . Salvage Created 321 | . 30 . . 56 235 . Parts 19 | . 1 . . . 15 3 Haulers Intercepted . | . . . . . . . Recyclers Shooed . | . . . . . . . Parts Field Recycled . | . . . . . . . Retrieved Matter . | . . . . . . . Parts Self-Destructed . | . . . . . . . Prevented . | . . . . . . . Kills | -11 -10 -10 -10 -9 -8 -7 ------- Run | Yrd Mat Min Exi Min Mat Fac Combat Hostiles Destroyed 10 | . 2 . . 3 3 2 Guns 9 | . 2 . . 3 3 1 Classes Destroyed 6 | . 1 . . 1 3 1 Builder 1 | . . . . . 1 . Recycler 1 | . . . . . 1 . Watcher 3 | . . . . . 3 . Swarmer 5 | . 2 . . . 3 . Grunt 2 | . . . . . . 2 Assembled 3 | . . . . 3 . . Best Kill Streak 7 | . 2 . . 3 7 2 Combat Bots Only 3 | . 2 . . 3 3 2 Max Kills in Single Turn 2 | . 1 . . 1 2 1 Gunslinging . | . . . . . . . Exploded . | . . . . . . . Melee . | . . . . . . . Uniques/NPCs Destroyed . | . . . . . . . Combat | -11 -10 -10 -10 -9 -8 -7 -------- Run | Yrd Mat Min Exi Min Mat Fac Hostile Shots Fired 14 | . 5 . . 4 3 2 Missed 3 | . . . . 3 . . Hits 11 | . 5 . . 1 3 2 Projectile 11 | . 5 . . 1 3 2 Damage Taken 123 | . 48 . . 12 29 34 Core 43 | . 19 . . . 6 18 Absorbed by Shields . | . . . . . . . Core Remaining (%) 96 | 100 . . . 92 98 . Volleys Fired 10 | . 10 . . . . . Largest 1 | . 1 . . . . . Hottest 20 | . 20 . . . . . Shots Fired 31 | . 10 . . 7 9 5 Gun 31 | . 10 . . 7 9 5 Cannon . | . . . . . . . Launcher . | . . . . . . . Special . | . . . . . . . Kinetic 10 | . 10 . . . . . Thermal . | . . . . . . . Explosive . | . . . . . . . Electromagnetic 21 | . . . . 7 9 5 Robot Hit Streak 10 | . 6 . . 5 8 10 Robot Miss Streak 5 | . 3 . . 5 2 . Penetration Max . | . . . . . . . Secondary Targets . | . . . . . . . Autonomous 21 | . . . . 7 9 5 Shots Hit Robots 24 | . 6 . . 5 8 5 Core Hits 19 | . 3 . . 5 8 3 Critical Kills . | . . . . . . . Critical Parts Destroyed . | . . . . . . . Critical Strikes 2 | . . . . 1 . 1 Corrupt 2 | . . . . 1 . 1 Melee Attacks . | . . . . . . . Impact . | . . . . . . . Slashing . | . . . . . . . Piercing . | . . . . . . . Sneak Attacks . | . . . . . . . Combat Hostiles . | . . . . . . . Follow-up Attacks . | . . . . . . . Damage Inflicted 612 | . 47 . . 90 282 193 Guns 612 | . 47 . . 90 282 193 Cannons . | . . . . . . . Explosions . | . . . . . . . Melee . | . . . . . . . Ramming . | . . . . . . . Kinetic 47 | . 47 . . . . . Thermal . | . . . . . . . Explosive . | . . . . . . . Electromagnetic 565 | . . . . 90 282 193 Impact . | . . . . . . . Slashing . | . . . . . . . Piercing . | . . . . . . . Highest Corruption . | . . . . . . . Average Corruption . | . . . . . . . Corruption Purged . | . . . . . . . Corruption Blocked . | . . . . . . . Overload Shots . | . . . . . . . Overflow Damage . | . . . . . . . Projectiles . | . . . . . . . Explosions . | . . . . . . . Melee . | . . . . . . . Knockbacks . | . . . . . . . Impact . | . . . . . . . Kinetic . | . . . . . . . Secondary . | . . . . . . . Self-Inflicted Damage . | . . . . . . . Shots . | . . . . . . . Rammed . | . . . . . . . Targets Rammed . | . . . . . . . Kicked . | . . . . . . . Crushed . | . . . . . . . Highest Temperature 18 | . 18 . . . . . Average Temperature 10 | . 10 . . . . . Received Heat Transfer 27 | . . . . . 9 18 Siege Activations . | . . . . . . . Martial Activations . | . . . . . . . Shielding Activations . | . . . . . . . Robots Disrupted . | . . . . . . . Combat Hostiles . | . . . . . . . Robots Corrupted 1 | . . . . . . 1 Combat Hostiles 1 | . . . . . . 1 Parts Fried 4 | . . . . . 3 1 Impact Corruptions . | . . . . . . . Robots Melted . | . . . . . . . Combat Hostiles . | . . . . . . . Parts Melted . | . . . . . . . Heat Transferred . | . . . . . . . Parts Sabotaged . | . . . . . . . Parts Stolen . | . . . . . . . Parts Stripped . | . . . . . . . Power Chain Reactions . | . . . . . . . Alert | -11 -10 -10 -10 -9 -8 -7 ------- Run | Yrd Mat Min Exi Min Mat Fac Maximum Alert Level . | . . . . . . . Low Security (%) 100 | 100 100 100 . 100 100 100 Level 1 . | . . . . . . . Level 2 . | . . . . . . . Level 3 . | . . . . . . . Level 4 . | . . . . . . . Level 5 . | . . . . . . . High Security . | . . . . . . . Max Security . | . . . . . . . Peak Influence 94 | . 55 15 . . 94 63 Initial 28 | . . 15 . . . 28 Average 16 | . 24 10 . . 32 39 Influence Increases 216 | . 60 . . . 101 55 Destroy 0b10 Robot/C 140 | . 40 . . . 60 40 Destroy 0b10 Robot/NC 25 | . . . . . 25 . Destroy Leader 16 | . . . . . 16 . Successful Hack 5 | . 5 . . . . . Partial Spotted 15 | . 15 . . . . . Lose Combat Pursuer 15 | . . . . . . 15 Influence Decreases 183 | . 20 35 5 . 37 86 Entered New Map 66 | . . 25 5 . . 36 Time Decay 110 | . 20 10 . . 30 50 Purge Threat 7 | . . . . . 7 . Squads Dispatched 1 | . 1 . . . . . Investigation . | . . . . . . . Extermination . | . . . . . . . Reinforcement 1 | . 1 . . . . . Assault . | . . . . . . . Garrison . | . . . . . . . Intercept . | . . . . . . . Searches Triggered . | . . . . . . . Construction Impeded . | . . . . . . . Haulers Reinforced . | . . . . . . . Active Scanning Responses . | . . . . . . . Cargo Convoy Interrupts . | . . . . . . . Stealth | -11 -10 -10 -10 -9 -8 -7 --------- Run | Yrd Mat Min Exi Min Mat Fac Distress Signals 1 | . . . . . 1 . Communications Jammed . | . . . . . . . Distress Signals . | . . . . . . . Times Spotted 24 | . 8 . . 4 9 3 Peak Tracking Total 3 | . 3 . . 3 3 2 Tactical Retreats 1 | . . . . . . 1 Traps | -11 -10 -10 -10 -9 -8 -7 ------- Run | Yrd Mat Min Exi Min Mat Fac Traps Triggered . | . . . . . . . Indirectly . | . . . . . . . Trap Hack Attempts . | . . . . . . . Triggered . | . . . . . . . Disarmed . | . . . . . . . Reprogrammed . | . . . . . . . Reused . | . . . . . . . Traps Extracted . | . . . . . . . Installed . | . . . . . . . Triggered . | . . . . . . . Most Traps Carried 1 | . . . . 1 1 1 Machines | -11 -10 -10 -10 -9 -8 -7 ---------- Run | Yrd Mat Min Exi Min Mat Fac Machines Disabled . | . . . . . . . Max in Single Turn . | . . . . . . . Machines Repaired . | . . . . . . . Machines Dismantled . | . . . . . . . Machines Sabotaged . | . . . . . . . Overloaded Fab Kills . | . . . . . . . Hacking | -11 -10 -10 -10 -9 -8 -7 --------- Run | Yrd Mat Min Exi Min Mat Fac Machines Accessed 10 | . 2 . 1 1 2 4 Terminals 5 | . 2 . . . 2 1 Fabricators 3 | . . . . . . 3 Repair Stations . | . . . . . . . Recycling Units . | . . . . . . . Scanalyzers . | . . . . . . . Garrison Access . | . . . . . . . Total Hacks 69 | . 9 . 23 1 24 12 Successful 57 | . 2 . 23 1 22 9 Failed 10 | . 6 . . . 1 3 Catastrophic 1 | . 1 . . . . . Database Lockouts 2 | . 1 . . . 1 . Manual 36 | . 5 . . . 20 11 Terminals 41 | . 9 . . . 24 8 Fabricators 4 | . . . . . . 4 Repair Stations . | . . . . . . . Recycling Units . | . . . . . . . Scanalyzers . | . . . . . . . Garrison Access . | . . . . . . . Terminal Hacks 42 | . 2 . 23 1 12 4 Record 24 | . . . 23 . 1 . Robot Analysis 5 | . 1 . . . 3 1 Prototype ID Bank 2 | . 1 . . . 1 . Open Door 1 | . . . . 1 . . Level Access Points 2 | . . . . . 1 1 Branch Access Points 2 | . . . . . 1 1 Machine Index 2 | . . . . . 1 1 Unreport Threat 2 | . . . . . 2 . Dispatch Records 1 | . . . . . 1 . Hauler Manifests 1 | . . . . . 1 . Fabricator Hacks 1 | . . . . . . 1 Network Status 1 | . . . . . . 1 Repair Station Hacks . | . . . . . . . Recycling Unit Hacks . | . . . . . . . Scanalyzer . | . . . . . . . Garrison Access Hacks . | . . . . . . . Unauthorized Hacks 14 | . . . . . 10 4 Terminals 11 | . . . . . 10 1 Track 2 | . . . . . 2 . Assimilate 1 | . . . . . 1 . Botnet 3 | . . . . . 2 1 Disrupt 2 | . . . . . 2 . Operators 1 | . . . . . 1 . Skim 2 | . . . . . 2 . Fabricators 3 | . . . . . . 3 Liberate 3 | . . . . . . 3 Repair Stations . | . . . . . . . Recycling Units . | . . . . . . . Scanalyzers . | . . . . . . . Garrison Access . | . . . . . . . Data Cores Recovered . | . . . . . . . Used . | . . . . . . . Hacking Detections 5 | . 2 . . . 2 1 Full Trace Events . | . . . . . . . Feedback Events . | . . . . . . . Feedback Blocked . | . . . . . . . Robot Schematics Acquired . | . . . . . . . Robots Built . | . . . . . . . Authchips . | . . . . . . . Time . | . . . . . . . Total Robot Build Rating . | . . . . . . . Part Schematics Acquired . | . . . . . . . Parts Built . | . . . . . . . Authchips . | . . . . . . . Time . | . . . . . . . Total Part Build Rating . | . . . . . . . Parts Repaired . | . . . . . . . Time . | . . . . . . . Parts Recycled . | . . . . . . . Recycled Matter . | . . . . . . . Retrieved Matter . | . . . . . . . Retrieved Components . | . . . . . . . Parts Scanalyzed . | . . . . . . . Part Schematics Acquired . | . . . . . . . Parts Damaged . | . . . . . . . Bothacking | -11 -10 -10 -10 -9 -8 -7 ------------ Run | Yrd Mat Min Exi Min Mat Fac Used RIF Installer . | . . . . . . . Robots Hacked 1 | . 1 . . . . . Non-combat . | . . . . . . . Combat 1 | . 1 . . . . . Robot Hacks Applied 1 | . 1 . . . . . find_shortcuts 1 | . 1 . . . . . Relay Couplers Released . | . . . . . . . Fabnet Peak Effective % . | . . . . . . . Robots Rewired . | . . . . . . . Allies Hacked . | . . . . . . . Hacks Repelled . | . . . . . . . Allies | -11 -10 -10 -10 -9 -8 -7 -------- Run | Yrd Mat Min Exi Min Mat Fac Total Allies . | . . . . . . . Largest Group . | . . . . . . . Highest-Rated Group . | . . . . . . . Highest-Rated Ally . | . . . . . . . Total Orders . | . . . . . . . Ally Attacks . | . . . . . . . Total Damage . | . . . . . . . Kills . | . . . . . . . Allies Corrupted . | . . . . . . . Allies Melted . | . . . . . . . Intel | -11 -10 -10 -10 -9 -8 -7 ------- Run | Yrd Mat Min Exi Min Mat Fac Active Infowar (turns) . | . . . . . . . Robot Analysis Total 6 | . 2 . . . 3 1 Derelict Logs Recovered 2 | . . 1 . 1 . . Drone Launches . | . . . . . . . Drone Recoveries . | . . . . . . . Exploration | -11 -10 -10 -10 -9 -8 -7 ------------- Run | Yrd Mat Min Exi Min Mat Fac Turns Passed 761 | 10 69 36 92 297 142 115 Spaces Moved 931 | 21 85 96 152 316 144 117 Core 146 | 21 25 2 98 . . . Treads . | . . . . . . . Legs . | . . . . . . . Wheels . | . . . . . . . Hover 631 | . . . 54 316 144 117 Flight 154 | . 60 94 . . . . Fastest Speed 37 | 50 37 37 50 80 80 80 Average Speed 68 | 50 40 37 60 80 80 80 Slowest Speed 80 | 50 50 50 80 80 80 80 Overloaded Moves . | . . . . . . . Propulsion Burnouts . | . . . . . . . Robots Hopped . | . . . . . . . Potential Cave-ins . | . . . . . . . Cave-ins Triggered . | . . . . . . . Exploration Rate (%) 32 | 3 37 41 55 63 21 5 Regions Visited 6 Branch Regions 3 Pre-discovered Areas 2 | . . . 1 1 . . Known Exits Taken 1 | . . . . . 1 . Unknown Exits Taken 5 | 1 1 1 1 1 . . Scrap Searched . | . . . . . . . Spaces Dug . | . . . . . . . Terrain Destroyed . | . . . . . . . Melee . | . . . . . . . Projectile . | . . . . . . . AOE . | . . . . . . . Terrain Rammed . | . . . . . . . Walls Destroyed . | . . . . . . . Machines Disabled . | . . . . . . . Actions | -11 -10 -10 -10 -9 -8 -7 --------- Run | Yrd Mat Min Exi Min Mat Fac Total 1043 | 20 110 95 151 359 170 138 Wait 107 | . 16 . . 43 27 21 Move 925 | 20 84 95 151 315 143 117 Hop . | . . . . . . . Pick Up 1 | . . . . 1 . . Fast Attach . | . . . . . . . Attach . | . . . . . . . Detach . | . . . . . . . Swap . | . . . . . . . Drop . | . . . . . . . Fire 10 | . 10 . . . . . Melee . | . . . . . . . Ram . | . . . . . . . Kick . | . . . . . . . Crush . | . . . . . . . Escape Stasis . | . . . . . . . Rewire . | . . . . . . . Trap . | . . . . . . . Miscellaneous . | . . . . . . . Route ------- -11/Scrapyard -10/Materials -10/Mines -10/Exiles -9/Mines -8/Materials (discovered 3 exits: *Fac x3) -7/Factory (discovered 6 exits: Fac x4 / Low x2) History --------- Turn | Location | Event 4 | -11/Scrapyard | Discovered new exit (range 13) 11 | -11/Scrapyard | Entered Materials 57 | -10/Materials | Central database locked down 75 | -10/Materials | Discovered new exit (range 12) 80 | -10/Materials | Entered Mines 114 | -10/Mines | Deemed a non-threat by the Exiles lab entrance 114 | -10/Mines | Discovered new exit (range 5) 116 | -10/Mines | Entered Exiles 129 | -10/Exiles | Met 8R-AWN 138 | -10/Exiles | Met EX-HEX 152 | -10/Exiles | Met EX-BIN 160 | -10/Exiles | Met EX-DEC 166 | -10/Exiles | Took control of EX-DEC (ally) 177 | -10/Exiles | Learned location of Zion (-7) 201 | -10/Exiles | Discovered new exit (range 10) 208 | -10/Exiles | Left Exiles lab with Deploy-a-Sentry 208 | -10/Exiles | Entered Mines 233 | -9/Mines | A weapon hastily lodged in a ceiling crevice suddenly fell to the ground 248 | -9/Mines | Met a Derelict bent on vengeance 325 | -9/Mines | Found a hidden stash of uninstalled traps 388 | -9/Mines | Assembled infested the area 393 | -9/Mines | Assisted by a Guerilla fighting off Assembled 423 | -9/Mines | Met a Derelict who couldn't figure out how to use a Trap Extractor 493 | -9/Mines | Discovered new exit (range 13) 505 | -9/Mines | Entered Materials 559 | -8/Materials | Central database locked down 579 | -8/Materials | Identified exit to Factory 647 | -8/Materials | Entered Factory 762 | -7/Factory | Identified exit to Lower Caves 762 | -7/Factory | Identified exit to Factory 762 | -7/Factory | Self-destructed Last Messages --------------- Found 52 machines: 26 Terminals 6 Fabricators 6 Repair Stations 6 Recycling Units 4 Scanalyzers 4 Garrison Accesses Downloaded coordinate data. >>Access(Branch) Found 2 branch access points: (27,66) Lower Caves (61,194) Lower Caves Map updated. >>Access(Main) Found 4 level access points to Factory: (184,81) (20,30) (186,154) (176,20) Map updated. Map ----- +----------------------------------------------------+ | ????????????????????????????????? | | ????????????????????????????????? | | ????????????????????????????????? | | ????????????????????????????????? | | ????????????????????????????????? | | ????????????????????????????????? | | ????????????????????????????????? | | ????????????????????????????????? | | ????????????????????????????????? | | ????????????????????????????????? | | ????????????????????????????????? | | ????????????????????????????????? | | ??????????? ????????????????????? | | ??????????? ????????????????????? | | ??????? ????????????????????? | | ??????? ????????????????????? | | ??????? ????????????????????? | | ???????# #????????????????????? | | ???????# #????????????????????? | | ???????# #????????????????????? | | ???????# #????????????????????? | | ??????## ##???????????????????? | | ??????# #???????????????????? | | ??????# "" #???????????????????? | | ??????+ T !#???????????????????? | | ??????# c #???????????????????? | | ??????#[ #???????????????????? | | ??????### ###???????????????????? | | ????????# ##############????????? | | ?????#### # #????????? | | ?????# + #????????? | | ?????# # #????????? | | ?????# # #????????? | | ?????# # === #????????? | | ?????# # == #????????? | | ######+## # == #????????? | | # # # = #????????? | | # # # #????##### | | # # #? #????# | | # # #??? ?????# | | # # #????? ???????# | | # # ########+########## | | # *# # | | # # # | | # + !! + | | # # ! # | | # # # | | # = ##### """ """ # [ | | # #???# """ """ ]# | | # #???# """ """ # | +----------------------------------------------------+ Best States ------------- Heat Dissipation 25 Energy Generation 23 Energy Capacity 235 Matter Stores 99 Matter Capacity 100 Sight Range 16 Terrain Scan Density 10 Resistance: EM 90 Evasion (%) 62 Launcher Accuracy 40 Target Analysis 6 Core Analysis 8 Armor Integrity Analysis 40 Offensive Hacking 70 Defensive Hacking 56 Item Schematics ----------------- None Robot Schematics ------------------ None Fabricated ------------ Nothing Repaired ---------- Nothing Alien Tech Used ----------------- None Achievements -------------- None Challenges ------------ None Polymind | -11 -10 -10 -10 -9 -8 -7 ---------- Run | Yrd Mat Min Exi Min Mat Fac Hosts 2 | . 1 . 1 . . . Combat Hostiles 1 | . 1 . . . . . Allies 1 | . . . 1 . . . Unique Host Classes 2 | . 1 . 1 . . . Average Host Suspicion 59 | . 99 34 . 43 93 70 Unsuspicious Activity 86 | . . . 16 70 . . Returns to Shadow . | . . . . . . . Fuzzy Dispatches . | . . . . . . . Protomatter Created 57 | . . . . 10 . 47 Used 39 | . 6 . 33 . . . Decayed . | . . . . . . . Highest Spend 33 | . 6 . 33 . . . Top 5 Hosts by Kills: EX-DEC (-10/Exiles: 8) S-10 Pest (-10/Materials: 2) Game ------ Seed HackingRelayBay Manual? 0 Play Time 00:11:27 Cumulative 167.0 hours Start 2025.05.31 @ 14:24:16 End 2025.05.31 @ 14:34:29 Sessions 1 Manual Loads 0 Difficulty Rogue Special Mode Winter2022/Polymind Game No. 252 Rogue 249 Adventurer 3 Explorer 0 Win Type - Total 1 Types 1/0/0/0/0/0/0/0/0/0 Lore% 55 Gallery% 57 Achievement% 45 Wizard Run 0 Options --------- Layout 0 ASCII 0 Keyboard 0 Movement Mouse Keybinds 0 Fullscreen 2 Font 18/SmallcapsGlow Map View 76x50 Zoom Use 0% Tactical HUD 1 Map Filters NONE Filters NONE Steam 1 RUN: 71911a4b-a688-4f6e-b6db-dbdb191db474